 Dungeon Crawl Stone Soup version 0.25-a0-1136-gc1285e62ab (webtiles) character file.

Game seed: 15898929583292485566, levelgen mode: classic

2013619 EnegeticOcto the Hoplite (level 27, 173/225 HPs)
             Began as a Red Draconian Hunter on May 22, 2020.
             Was a High Priest of Hepliaklqana.
             Escaped with the Orb
             ... and 4 runes on May 23, 2020!
             The game lasted 03:34:40 (92190 turns).

EnegeticOcto the Hoplite (Red Draconian Hunter)    Turns: 92190, Time: 03:34:41

Health: 173/225    AC: 21    Str: 22    XL:     27
Magic:  30/32      EV: 25    Int: 22    God:    Hepliaklqana [*****.]
Gold:   3246       SH: 32    Dex: 18    Spells: 21/26 levels left

rFire    + + .     SeeInvis +   a - +6 broad axe of Umo Jiupori {drain, rPois MR+ Str+2 SInv}
rCold    + . .     Gourm    .   V - +8 tower shield
rNeg     . . .     Faith    .   (armour unavailable)
rPois    +         Spirit   +   (helmet restricted)
rElec    +         Reflect  .   F - +2 cloak {rCorr}
rCorr    +         Harm     .   r - +2 pair of gloves
MR       ++++.     Rnd*Rage +   R - +1 pair of boots {run}
Stlth    ++........             U - amulet of Liberty {Spirit Str+2 Int+7}
HPRegen  0.47/turn              k - ring "Zowyin" {rElec rPois MR+ Int-3 Stlth+, =R}
MPRegen  0.23/turn              P - ring of Ydygykha {rF+ rC+ Str+3}

@: studying Stealth, quick
A: breathe fire, unfitting armour, reduced essence, berserk 1, fire resistance
1, low mp 1, cold-blooded, AC +13
0: Orb of Zot
}: 4/15 runes: barnacled, slimy, silver, gossamer
a: Breathe Fire, Recall Ancestor, Ancestor Identity, Transference, Idealise,
Renounce Religion


You escaped.
You worshipped Hepliaklqana.
Hepliaklqana was extremely pleased with you.
You were full.

You visited 10 branches of the dungeon, and saw 54 of its levels.
You visited 1 bazaar.
You also visited: Trove, Sewer, Ossuary and Gauntlet.

You collected 7830 gold pieces.
You spent 4584 gold pieces at shops.

Inventory:

Hand Weapons
 a - the +6 broad axe of Umo Jiupori (weapon) {drain, rPois MR+ Str+2 SInv}
   (You found it in a Gauntlet)

   A truly terrible weapon, it drains the life of those it strikes.
   It affects your strength (+2).
   It protects you from poison.
   It affects your resistance to hostile enchantments.
   It lets you see invisible.
 b - a +9 demon trident of venom
Missiles
 d - 13 javelins
 u - 2 throwing nets {!f}
 J - 4 curare-tipped darts
 Q - 85 silver javelins (quivered)
Armour
 r - a +2 pair of gloves (worn)
 F - a +2 cloak of preservation (worn)
 R - a +1 pair of boots of running (worn)
 V - a +8 tower shield (worn)
Jewellery
 k - the ring "Zowyin" (left hand) {rElec rPois MR+ Int-3 Stlth+, =R}
   (You took it off a minotaur in a Gauntlet)

   [ring of stealth]

   It affects your intelligence (-3).
   It insulates you from electricity.
   It protects you from poison.
   It affects your resistance to hostile enchantments.
   It makes you more stealthy.
 P - the ring of Ydygykha (right hand) {rF+ rC+ Str+3}
   (You took it off a yaktaur on level 2 of the Depths)

   [ring of protection from fire]

   It affects your strength (+3).
   It protects you from fire.
   It protects you from cold.
 U - the amulet of Liberty (around neck) {Spirit Str+2 Int+7}
   (You took it off a deep elf knight on level 5 of the Vaults)

   [amulet of guardian spirit]

   It causes incoming damage to be split between your health and magic.
   It affects your strength (+2).
   It affects your intelligence (+7).
Wands
 g - a wand of iceblast (13) {@v2}
 l - a wand of acid (20) {@v1}
 v - a wand of polymorph (48)
 D - a wand of digging (21) {@v3}
 G - a wand of paralysis (23)
 L - a wand of clouds (13)
 Y - a wand of enslavement (19)
Scrolls
 h - 4 scrolls of immolation
 s - 6 scrolls of fog {!r}
 t - 22 scrolls of teleportation {@r3 !r}
 w - a scroll of silence
 z - 7 scrolls of holy word
 M - 8 scrolls of blinking {@r4}
 N - 29 scrolls of identify {@r1}
 O - 8 scrolls of fear {!r}
 S - a scroll of magic mapping {@r5 !r}
 W - 5 scrolls of vulnerability
 Z - 3 scrolls of summoning
Potions
 i - 12 potions of lignification {@q6}
 j - a potion of berserk rage
 n - 6 potions of mutation
 o - 3 potions of haste {@q4 !q}
 p - 7 potions of stabbing {@q5 !q}
 q - 7 potions of might {@q3 !q}
 C - 8 potions of resistance
 E - 10 potions of curing {@q1 !q}
 H - 3 potions of ambrosia
 I - 3 potions of magic
 K - 5 potions of cancellation
Books
 m - a manual of Stealth
Miscellaneous
 c - 3 phantom mirrors
 f - a tin of tremorstones (3/3)
 x - 2 boxes of beasts
 y - a lightning rod (4/4)
 A - a phial of floods
Comestibles
 e - 68 rations


   Skills:
 + Level 21.0 Fighting
 - Level 16.1(18.0) Axes
 - Level 14.0(16.9) Polearms
   Level 12.0(14.7) Slings
 - Level 14.4(16.0) Throwing
 + Level 16.1 Dodging
 - Level 5.0 Stealth
 + Level 22.7 Shields
 - Level 7.0 Hexes
 - Level 8.0 Translocations
 + Level 17.7 Invocations
 + Level 13.7 Evocations


You had 21 spell levels left.
You knew the following spells:

 Your Spells              Type           Power        Failure   Level  Hunger
a - Portal Projectile     Hex/Tloc       ####..       3%          3    ####...
Y - Blink                 Tloc           N/A          1%          2    ###....

Your spell library contained the following spells:

 Spells                   Type           Power        Failure   Level  Hunger
 Corona                   Hex            ####...      1%          1    ##.....
 Slow                     Hex            ####....     1%          2    ###....
 Gell's Gravitas          Tloc           #####.....   2%          3    ####...
 Lesser Beckoning         Tloc           #####.....   2%          3    ####...
 Teleport Other           Tloc           #####...     2%          3    ####...
 Confusing Touch          Hex            ####....     3%          3    ####...
 Tukima's Dance           Hex            ####....     3%          3    ####...
 Shroud of Golubria       Chrm/Tloc      ###...       6%          2    ###....
 Ensorcelled Hibernation  Hex/Ice        ###...       8%          2    ###....
 Cause Fear               Hex            ####......   12%         4    #####..
 Recall                   Summ/Tloc      N/A          13%         3    ####...
 Dazzling Flash           Conj/Hex       ###...       16%         3    ####...
 Inner Flame              Hex/Fire       ###.....     16%         3    ####...
 Spectral Weapon          Hex/Chrm       ###.....     16%         3    ####...
 Summon Guardian Golem    Hex/Summ       ###.....     16%         3    ####...
 Animate Skeleton         Necr           N/A          22%         1    ##.....
 Beastly Appendage        Tmut           #.....       22%         1    ##.....
 Foxfire                  Conj/Fire      #...         22%         1    ##.....
 Magic Dart               Conj           #...         22%         1    ##.....
 Pain                     Necr           #...         22%         1    ##.....
 Sandblast                Erth           #.....       22%         1    ##.....
 Call Imp                 Summ           #.......     32%         2    ###....
 Corpse Rot               Necr/Air       N/A          32%         2    ###....
 Passwall                 Tmut/Erth      #.......     32%         2    ###....
 Searing Ray              Conj           #.....       32%         2    ###....
 Sticks to Snakes         Tmut           #.......     32%         2    ###....
 Sublimation of Blood     Necr           #.........   32%         2    ###....
 Iskenderun's Mystic Bla  Conj/Tloc      ###.....     38%         4    #####..
 Fulminant Prism          Conj/Hex       ###.......   45%         4    #####..
 Leda's Liquefaction      Hex/Erth       ###.......   45%         4    #####..
 Conjure Flame            Conj/Fire      #.......     54%         3    ####...
 Ignite Poison            Fire/Tmut/Pois #.......     54%         3    ####...
 Mephitic Cloud           Conj/Pois/Air  #.......     54%         3    ####...
 Spider Form              Tmut/Pois      #.........   54%         3    ####...
 Static Discharge         Conj/Air       #.......     54%         3    ####...
 Stone Arrow              Conj/Erth      #.....       54%         3    ####...
 Vampiric Draining        Necr           #.........   54%         3    ####...
 Summon Forest            Summ/Tloc      ###.......   75%         5    ######.
 Dispersal                Tloc           #####.....   77%         6    #######
 Silence                  Hex/Air        ###.......   82%         5    ######.
 Summon Mana Viper        Hex/Summ       ###.....     82%         5    ######.
 Yara's Violent Unravell  Hex/Tmut       ###.......   82%         5    ######.
 Darkness                 Hex            ####......   88%         6    #######
 Animate Dead             Necr           N/A          91%         4    #####..
 Dispel Undead            Necr           #.......     91%         4    #####..
 Hailstorm                Conj/Ice       #.......     91%         4    #####..
 Ice Form                 Ice/Tmut       #.......     91%         4    #####..
 Sticky Flame             Conj/Fire      #.......     91%         4    #####..
 Summon Lightning Spire   Summ/Air       #.......     91%         4    #####..
 Agony                    Necr           #.......     99%         5    ######.
 Aura of Abjuration       Summ           #.........   99%         5    ######.
 Blade Hands              Tmut           #.........   99%         5    ######.
 Bolt of Magma            Conj/Fire/Erth #.........   99%         5    ######.
 Borgnjor's Vile Clutch   Necr/Erth      #.........   99%         5    ######.
 Excruciating Wounds      Chrm/Necr      #.........   99%         5    ######.
 Fireball                 Conj/Fire      #.........   99%         5    ######.
 Irradiate                Conj/Tmut      #.........   99%         5    ######.
 Lightning Bolt           Conj/Air       #.........   99%         5    ######.
 Summon Demon             Summ           #.........   99%         5    ######.
 Conjure Ball Lightning   Conj/Air       #.........   100%        6    #######
 Death Channel            Necr           #.........   100%        6    #######
 Eringya's Noxious Bog    Tmut/Pois      #.........   100%        6    #######
 Hydra Form               Tmut           #.........   100%        6    #######
 Iron Shot                Conj/Erth      #.........   100%        6    #######
 Shadow Creatures         Summ           N/A          100%        6    #######
 Simulacrum               Ice/Necr       #.........   100%        6    #######
 Starburst                Conj/Fire      #.........   100%        6    #######
 Statue Form              Tmut/Erth      #........    100%        6    #######
 Dragon Form              Tmut           #.........   100%        7    #######
 Haunt                    Necr/Summ      #.........   100%        7    #######
 Malign Gateway           Summ/Tloc      ###.......   100%        7    #######
 Monstrous Menagerie      Summ           #.........   100%        7    #######
 Ring of Flames           Chrm/Fire      #.........   100%        7    #######
 Summon Greater Demon     Summ           #.........   100%        7    #######
 Summon Hydra             Summ           #.........   100%        7    #######
 Borgnjor's Revivificati  Necr           #.........   100%        8    #######
 Controlled Blink         Tloc           N/A          100%        8    #######
 Death's Door             Chrm/Necr      #.........   100%        8    #######
 Discord                  Hex            ####......   100%        8    #######
 Disjunction              Tloc           #####.....   100%        8    #######
 Ignition                 Fire           #.........   100%        8    #######
 Infestation              Necr           #.........   100%        8    #######
 Necromutation            Tmut/Necr      #.........   100%        8    #######
 Summon Horrible Things   Summ           #.........   100%        8    #######
 Shatter                  Erth           #.........   100%        9    #######
 Tornado                  Air            #.........   100%        9    #######
 Passage of Golubria      Tloc           Unusable     N/A         4    N/A

Dungeon Overview and Level Annotations

Branches:
Dungeon (15/15)            Temple (0/1) D:6            Lair (6/6) D:11
 Shoals (4/4) Lair:3       Spider (4/4) Lair:4        Slime (5/5) Lair:5
    Orc (2/2) D:11            Elf (3/3) Orc:2        Vaults (5/5) D:14
  Crypt (0/3) Vaults:3     Depths (5/5) D:15            Zot (5/5) Depths:5
  Sewer (visited)         Ossuary (visited)         Gauntlet (visited)

Altars:
Ashenzari
Dithmenos
Elyvilon
Hepliaklqana
Kikubaaqudgha
Makhleb
Nemelex Xobeh
Okawaru
Uskayaw
Vehumet
The Shining One

Shops:
D:13 *   D:15 (   Orc:2 (}!%   Elf:1 }}=   Depths:1 *   Depths:3 [   Depths:5 [

Portals:
Hell: Depths:1 Depths:2 Depths:3 Depths:4 Depths:5
Abyss: Depths:4
Pandemonium: Orc:2 Depths:2 Depths:3
Ziggurat: Depths:1

Annotations:
Lair:5 exclusion: 2 oklob plants, will825x's ghost, journeyman KoBe
Elf:2 3 runed translucent doors
Vaults:2 36 runed doors
Depths:1 1 runed translucent door, Acwon's ghost, legendary TrMo
Depths:4 1 exclusion
Depths:5 1 runed translucent door
Zot:5 1 exclusion


Innate Abilities, Weirdness & Mutations

You can breathe blasts of fire.
Your fiery red scales are hard. (AC +13)
You cannot fit into any form of body armour.
Your flesh is heat resistant. (rF+)
You are cold-blooded and may be slowed by cold attacks.
Your life essence is reduced to manifest your ancestor. (-10% HP)
You tend to lose your temper in combat.
Your magical capacity is low. (-10% MP)


Message History

Attack!
Love blocks the blizzard demon's attack.
The blizzard demon hits Love.
Love gestures wildly while chanting.
Love seems to speed up.
Love hits the blizzard demon with a +0 broad axe of speed!
Love hits the torturous blood saint with a +0 broad axe of speed!
The blizzard demon hits Love but does no damage. x2
Love is recalled.
The torturous blood saint conjures a destructive force in the name of Makhleb!
The mass of ice explodes!
The iceblast engulfs you! You partially resist.
The mass of ice explodes!
The iceblast engulfs you! You partially resist.
You swap places.
What are your orders? t - Shout!
Orders for allies: a - Attack new target. r - Retreat! s - Stop attacking. g - Guard the area. f - Follow me.
Anything else - Cancel.
Gang up on whom?
Press: ? - help, Dir - move target cursor, f - torturous blood saint
Aim: a torturous blood saint, wielding a -2 dagger and wearing a +0 robe (lightly wounded) Attack!
The torturous blood saint conjures a destructive force in the name of Makhleb!
The mass of ice explodes!
The iceblast engulfs you!! You partially resist.
The fireball explodes!
The fireball engulfs you! You resist.
Love completely misses the torturous blood saint.
Love blocks the torturous blood saint's attack.
Love hits the torturous blood saint with a +0 broad axe of speed!
The torturous blood saint calls on the powers of chaos!
Love hits the torturous blood saint with a +0 broad axe of speed!
There is a stone staircase leading up here.
You climb upwards.
There is a stone staircase leading down here.
Love is recalled.
Okay, then.
(D) Dungeon (T) Temple (L) Lair (A) Shoals (N) Spider Nest (M) Slime Pits (O) Orcish Mines (E) Elven Halls (V) Vaults (C) Crypt (U) Depths (H) Hell (Z) Zot
Where to? (Enter - D:1 @ (x,y), ? - help)
A red devil, an orange demon, a pandemonium lord and a large abomination come into view.
Press: ? - help, v - describe, . - travel
Here: Mugapofu, armed with a vampiric touch The floor.
Love is recalled.
The orange demon screeches!
What are your orders? t - Shout!
Orders for allies: a - Attack new target. r - Retreat! s - Stop attacking. g - Guard the area. f - Follow me.
Anything else - Cancel.
Retreat in which direction?
Press: ? - help, Dir - move target cursor Fall back!
Select a target.
Press: ? - help, Dir - move target cursor, f - you The floor.
This square is covered in magical glow.
You swap with Love!
There is a stone staircase leading up here.
You climb upwards.
There is a stone staircase leading down here.
Love is recalled.
The large abomination closely misses you.
You block the large abomination's attack.
Love barely misses the large abomination.
Love hits the large abomination but does no damage.
Love gestures wildly while chanting.
Love seems to speed up.
An orange demon and 2 torturous demonspawn come into view.
A torturous demonspawn is wielding a +2 demon whip of draining.
The orange demon screeches!
The torturous demonspawn moves out of view.
There is a stone staircase leading up here.
You climb upwards.
There is a stone staircase leading down here.
(D) Dungeon (T) Temple (L) Lair (A) Shoals (N) Spider Nest (M) Slime Pits (O) Orcish Mines (E) Elven Halls (V) Vaults (C) Crypt (U) Depths (H) Hell (Z) Zot
Where to? (Enter - D:1 @ (x,y), ? - help)
There is a stone staircase leading up here.
You climb upwards.
There is a stone staircase leading down here.
There is a stone staircase leading up here.
You climb upwards.
Magic restored.
There is a stone staircase leading down here.
A large abomination comes into view.
The large abomination moves out of view.
Evoke which item? (* to show all) (? for menu, Esc to quit)
Aiming: Dig
Press: ? - help, Shift-Dir - straight line A rock wall.
This square is covered in magical glow.
The rock shatters into small pieces.
There is a staircase leading out of the dungeon here.
Love is recalled.
You have escaped!

#### #.#######
...######################.#
.................##.......#
......##########.##.#######
......................#
.....#######.#######.# ####
.....#.......#.......#########...
###..#####.#.#.###.#.#..........#
.....#.....#.#.#@..#.#..........#
###..#.#####.#.#R#.#[+..........+
.....#.#...#.#.....#.#..........#
.....#.#.#.#.#.#####.#..........'
###..#.#.#.#.......#.#..........#
#..#.#.#.#.#######.#...........
#[.#.#.#.#.......X.#######+#'#. #
#..#.#.#.#.#######..........>#. #
#..#.#.#.#.......#..#......###.


You could see the friendly Love the knight.

Vanquished Creatures
  the Royal Jelly (Slime:5)
  An orb of fire (Zot:5)
  A juggernaut (Depths:4)
  3 ancient liches
  Sojobo (Vaults:5)
  5 Killer Klowns (Zot:5)
  2 curse toes
  A caustic shrike (Depths:3)
  5 golden dragons
  An electric golem (Zot:5)
  2 liches
  6 tentacled monstrosities
  Jorgrun (Shoals:1)
  13 Orb Guardians
  5 titans
  A deep elf blademaster (Elf:3)
  18 acid blobs
  8 quicksilver dragons
  2 deep elf master archers (Elf:3)
  Kirke (Lair:5)
  3 death cobs
  A sphinx (Depths:4)
  5 shadow dragons
  Agnes (D:15)
  5 storm dragons
  4 tengu reavers
  Roxanne (D:15)
  The ghost of joppa the Fighter, a journeyman OgAM of Ashenzari (Lair:6)
  Ilsuiw (Shoals:2)
  4 draconian monks
  8 deep elf sorcerers
  16 azure jellies
  7 fire giants
  4 iron dragons
  Aizul (Elf:3)
  13 vault wardens
  5 ghost moths
  2 draconian scorchers
  3 draconian knights
  10 frost giants
  3 emperor scorpions
  Louise (D:15)
  The ghost of fritzmikael the Transmogrifier, a journeyman SpEE of Gozag (Shoals:1)
  The ghost of Yppuojun the Severer, a journeyman MiFi of Makhleb (D:15)
  6 ironheart preservers
  4 draconian shifters
  A war gargoyle (Vaults:2)
  3 draconian stormcallers
  18 stone giants
  3 draconian annihilators (Zot:1)
  5 spriggan defenders
  16 very ugly things
  3 entropy weavers
  The ghost of chispire the Basher, a journeyman MiBe of Trog (Lair:6)
  5 deep elf demonologists
  41 slime creatures
  11 spark wasps
  4 black draconians
  8 green draconians
  5 yellow draconians
  5 white draconians
  3 purple draconians (Zot:1)
  6 deep elf annihilators
  5 red draconians
  Snorg (Lair:4)
  9 merfolk javelineers (Shoals:4)
  2 deep elf death magi
  10 death oozes (Slime:5)
  9 merfolk impalers
  9 ettins
  7 deep elf high priests
  4 jiangshi
  5 fire dragons
  18 vault guards
  12 yaktaur captains
  5 rakshasas
  Fannar (Lair:1)
  10 great orbs of eyes
  8 ice dragons
  4 spriggan air magi
  A catoblepas (Lair:6)
  A merfolk avatar (Shoals:3)
  A merfolk aquamancer (Shoals:4)
  4 hydras
  6 centaur warriors
  2 alligator snapping turtles
  Erica (D:11)
  6 dancing weapons
  A death knight (Vaults:4)
  5 ogre magi
  8 tengu warriors
  3 deep troll shamans
  28 two-headed ogres
  4 vampire magi
  3 deep troll earth magi
  7 spriggan berserkers
  A sun demon (Depths:4)
  Sonja (D:10)
  21 deep elf knights
  3 orc high priests (Orc:2)
  A hell knight (Depths:3)
  2 shadow wraiths
  2 skeletal warriors (Vaults:2)
  16 sea snakes
  3 unseen horrors
  11 deep trolls
  3 glowing orange brains
  4 flayed ghosts
  16 deep elf archers
  Pikel (D:6)
  An infernal demonspawn (Orc:2)
  An orange crystal statue (Zot:5)
  10 harpies
  19 ironbrand convokers
  8 phantasmal warriors
  4 wizards
  66 deep elf magi
  9 necromancers
  13 orc knights
  5 wolf spider zombies (Spider:2)
  5 orb spiders
  A tengu skeleton (Vaults:4)
  An oklob plant (Lair:4)
  5 cyclopes
  41 ugly things
  7 orc sorcerers
  A sphinx skeleton (Depths:2)
  17 wolf spiders
  8 shining eyes
  8 manticores
  13 elephants
  11 moths of wrath
  8 fauns
  7 merfolk sirens
  3 black mambas
  Joseph (D:7)
  3 water nymphs
  A torpor snail (Lair:6)
  14 vault sentinels
  2 eyes of devastation (Slime:5)
  A smoke demon (Orc:2)
  3 gargoyles
  An eye of devastation (shapeshifter) (D:15)
  A storm dragon simulacrum (Vaults:2)
  Maggie (Lair:1)
  A yaktaur (shapeshifter) (Depths:3)
  A rime drake (shapeshifter) (Vaults:3)
  3 rime drakes
  2 spiny frogs
  23 yaktaurs
  6 demonic crawlers
  2 kobold demonologists (D:14)
  10 komodo dragons
  9 freezing wraiths
  4 human zombies
  An efreet (D:14)
  5 tengu conjurers
  28 merfolk
  A queen bee (Spider:1)
  A meliai (shapeshifter) (Elf:3)
  34 jumping spiders
  2 meliai (Spider:1)
  6 redback zombies
  3 polar bears (Lair:6)
  A troll (shapeshifter) (Depths:4)
  6 trolls
  3 polar bears (shapeshifter)
  15 hornets
  4 wind drakes
  A wind drake (shapeshifter) (Depths:4)
  A hornet (shapeshifter) (Vaults:2)
  9 blink frogs
  Grinder (D:6)
  An elf zombie (Depths:2)
  A dream sheep (shapeshifter) (Depths:2)
  A blink frog (shapeshifter) (Vaults:4)
  11 tarantella zombies (Spider:2)
  A raiju (shapeshifter) (Vaults:1)
  4 snapping turtles
  6 dream sheep
  A frost giant simulacrum (Vaults:2)
  6 hippogriffs
  15 spriggans
  30 redbacks
  14 tarantellas
  2 air elementals (Elf:2)
  A basilisk (shapeshifter) (D:15)
  15 water elementals
  54 yaks
  A ynoxinul (Orc:2)
  A human (D:14)
  A fire bat (shapeshifter) (Depths:2)
  4 wraiths
  4 hogs (Lair:5)
  A fire elemental (Elf:1)
  A human (shapeshifter) (Depths:4)
  4 basilisks
  A yaktaur simulacrum (Vaults:3)
  A chaos spawn (Depths:3)
  A steam dragon (D:14)
  5 wargs
  An acid dragon (shapeshifter) (D:15)
  An acid dragon (D:15)
  11 water moccasins
  A floating eye (Lair:5)
  Duvessa (D:5)
  2 hell hounds (Spider:1)
  2 floating eyes (shapeshifter) (Vaults:5)
  A deep troll skeleton (Vaults:5)
  5 porcupines
  34 orc warriors
  A slave (D:6)
  A black bear (shapeshifter) (Vaults:4)
  A sky beast (shapeshifter) (Vaults:3)
  2 eyes of draining
  An eye of draining (shapeshifter) (Vaults:5)
  2 sky beasts (D:13)
  A black bear (Lair:6)
  2 necrophages
  4 boggarts
  A tengu (shapeshifter) (Vaults:1)
  19 wolves
  8 centaurs
  20 ogres
  A small abomination (Gauntlet)
  11 crocodiles
  3 big kobolds
  2 gnoll sergeants (D:11)
  10 bullfrogs
  An earth elemental (Elf:1)
  Dowan (D:5)
  3 scorpions
  5 wights
  12 killer bees
  2 electric eels
  A troll skeleton (D:14)
  4 spriggan skeletons (D:14)
  3 howler monkeys
  4 crimson imps
  2 jellies (D:13)
  24 orc priests
  4 centaur skeletons
  2 quasits
  5 hounds
  Jessica (D:3)
  5 worker ants
  2 bullfrog skeletons
  17 orc wizards
  4 hound skeletons
  2 mummies
  3 gnolls
  5 adders
  4 shadow imps
  An ufetubus (Depths:2)
  2 oozes
  An adder skeleton (D:3)
  7 dart slugs
  2 leopard geckos
  74 orcs
  A ball python (D:4)
  6 bats
  7 giant cockroaches
  4 goblins
  4 hobgoblins (D:2)
  8 jackals
  5 quokkas
  5 frilled lizards
  5 gnoll skeletons (Ossuary)
  3 jackal skeletons
  16 kobolds
  3 kobold skeletons (Ossuary)
  A leopard gecko skeleton (D:4)
  10 orc skeletons (Ossuary)
  A quokka zombie (D:7)
  8 rats
  3 crawling corpses (Vaults:5)
  A plant (Shoals:2)
1726 creatures vanquished.

Vanquished Creatures (collateral kills)
  An orb of fire (Zot:5)
  Mara (Vaults:5)
  2 juggernauts
  Saint Roka (Vaults:3)
  Xtahua (Vaults:5)
  the Enchantress (Depths:4)
  3 golden dragons
  An electric golem (Zot:1)
  4 liches
  5 tentacled monstrosities
  13 Orb Guardians
  3 quicksilver dragons
  A titan (Vaults:5)
  A death cob (Zot:1)
  4 acid blobs
  3 shadow dragons
  Donald (Shoals:2)
  A storm dragon (Vaults:5)
  6 tengu reavers
  2 azure jellies
  4 fire giants
  A balrug (Depths:4)
  2 frost giants (Depths:2)
  2 ghost moths (Spider:4)
  7 vault wardens
  3 emperor scorpions
  3 deep elf sorcerers
  A ghoul (Vaults:4)
  A deep elf elementalist (Elf:3)
  A draconian stormcaller (Zot:1)
  6 ironheart preservers
  3 stone giants
  13 very ugly things
  2 war gargoyles
  2 vampire knights
  4 deep elf demonologists
  2 green draconians
  Azrael (Spider:1)
  3 yellow draconians
  3 red draconians (Zot:5)
  7 spark wasps
  3 white draconians
  A minotaur (Gauntlet)
  A black draconian (Zot:5)
  8 deep elf annihilators
  3 purple draconians
  A merfolk javelineer (Shoals:4)
  2 death oozes (Slime:5)
  A merfolk impaler (Shoals:4)
  7 ettins
  3 deep elf high priests
  3 fire dragons
  4 yaktaur captains
  2 ice dragons (Depths:1)
  3 great orbs of eyes
  4 rakshasas
  15 vault guards
  An alligator snapping turtle (Shoals:4)
  A hydra (Lair:4)
  A centaur warrior (Depths:2)
  2 spriggan air magi
  4 merfolk avatars
  3 death knights
  2 dancing weapons
  7 ogre magi
  3 satyrs
  2 tengu warriors (Depths:5)
  2 deep troll earth magi
  17 two-headed ogres
  A vampire mage (Depths:2)
  A spriggan berserker (Depths:2)
  A soul eater (Gauntlet)
  A titan zombie (Vaults:3)
  A hell knight (Depths:2)
  A shock serpent (shapeshifter) (Depths:2)
  2 orc high priests
  5 deep elf knights
  A sun demon (Depths:4)
  A storm dragon skeleton (Depths:3)
  A skeletal warrior (Vaults:2)
  2 shadow wraiths
  2 unseen horrors
  2 sea snakes
  A glowing orange brain (Depths:2)
  3 deep trolls
  7 deep elf archers
  A gelid demonspawn (Orc:2)
  A flayed ghost (Vaults:3)
  A kraken simulacrum (Shoals:4)
  A phantasmal warrior (Depths:5)
  A wolf spider zombie (D:14)
  3 ironbrand convokers
  2 tengu skeletons (Vaults:4)
  8 orc knights
  A harpy (Shoals:4)
  2 necromancers
  5 orb spiders
  21 deep elf magi
  25 ugly things
  A fire giant zombie (Vaults:5)
  8 wolf spiders
  3 fauns (Shoals:1)
  5 manticores
  A frost giant zombie (Vaults:5)
  2 orc sorcerers
  A shadow dragon skeleton (Depths:2)
  3 cyclopes
  21 slime creatures
  2 centaur zombies
  3 moths of wrath
  5 vault sentinels
  3 water nymphs
  4 merfolk sirens
  2 fire giant skeletons
  A frost giant skeleton (Vaults:4)
  9 elephants
  A black mamba (shapeshifter) (Vaults:2)
  3 spiny frogs
  4 demonic crawlers
  2 rime drakes
  24 yaktaurs
  A yaktaur (shapeshifter) (Depths:1)
  2 komodo dragons
  A redback zombie (Spider:2)
  A red devil (Orc:2)
  A tengu conjurer (D:15)
  A meliai (Spider:1)
  9 merfolk
  2 trolls
  2 wind drakes (Shoals:4)
  4 jumping spiders
  4 hornets
  A hornet (shapeshifter) (Depths:3)
  5 dream sheep
  4 snapping turtles
  2 blink frogs
  5 tarantella zombies (Spider:2)
  An elf zombie (Vaults:5)
  4 hippogriffs
  A tarantella (shapeshifter) (Vaults:5)
  5 spriggans
  23 redbacks
  6 humans (D:14)
  2 wyverns
  8 tarantellas
  A shadow (D:13)
  2 air elementals (Elf:3)
  6 water elementals
  5 wraiths
  2 fire elementals
  A basilisk (Lair:3)
  A hog (shapeshifter) (Vaults:4)
  A chaos spawn (Depths:4)
  A steam dragon (shapeshifter) (Vaults:5)
  20 yaks
  A human simulacrum (Vaults:5)
  2 hogs (Lair:5)
  3 wargs
  6 water moccasins
  A hell hound (Spider:1)
  2 porcupines
  A deep troll skeleton (Vaults:2)
  A slave (D:6)
  2 black bears
  27 orc warriors
  5 eyes of draining
  2 phantoms
  A hornet zombie (D:7)
  6 ogres
  A sky beast (D:12)
  A necrophage (D:6)
  7 wolves
  3 centaurs
  A boggart (Lair:6)
  3 crocodiles
  3 big kobolds (D:9)
  5 bullfrogs
  A glowing shapeshifter simulacrum (Depths:3)
  2 human skeletons (Vaults:2)
  An earth elemental (Elf:3)
  3 scorpions
  7 killer bees
  10 wights
  3 howler monkeys
  A crimson imp (D:15)
  2 centaur skeletons
  7 orc priests
  A hound (D:7)
  8 orc wizards
  3 bullfrog skeletons
  A gnoll shaman (D:7)
  3 worker ants
  2 iguanas
  A howler monkey zombie (D:5)
  2 gnolls (D:7)
  2 shadow imps (Gauntlet)
  2 adder skeletons
  2 worms
  A leopard gecko (D:3)
  21 orcs
  2 kobolds (Sewer)
  3 gnoll skeletons (Ossuary)
  A kobold skeleton (Ossuary)
  3 orc skeletons (Ossuary)
  A bush (Lair:4)
  A crawling corpse (Vaults:5)
  A fungus (D:11)
  5 plants
767 creatures vanquished.

Vanquished Creatures (others)
  An ironheart preserver (Vaults:5)
  A stone giant (Vaults:5)
  A deep troll shaman (Depths:2)
  A deep elf mage (Elf:2)
  A water nymph (Shoals:4)
  A yaktaur (Vaults:4)
  42 knights
  2 ancestors
  20 demonic plants (Gauntlet)
  20 fungi
  22 plants
  4 tentacles (Shoals:4)
  4 toadstools (Depths:1)
  4 withered plants (Lair:6)
124 creatures vanquished.

Grand Total: 2617 creatures vanquished

Notes
Turn   | Place    | Note
-------+----------+-------------------------------------------
     0 | D:1      | EnegeticOcto the Draconian Hunter began the quest for the
                  | Orb.
     0 | D:1      | Reached XP level 1. HP: 17/17 MP: 1/1
    84 | D:1      | Reached skill level 1 in Stealth
   221 | D:1      | Reached XP level 2. HP: 24/24 MP: 2/2
   873 | D:2      | Reached XP level 3. HP: 29/29 MP: 3/3
  1069 | D:2      | Reached XP level 4. HP: 37/37 MP: 4/4
  1267 | D:2      | Found an ancient bone altar of Kikubaaqudgha.
  1268 | D:2      | Found a shattered altar of Ashenzari.
  1635 | D:3      | Noticed Jessica
  1636 | D:3      | Killed Jessica
  1643 | D:3      | Reached XP level 5. HP: 46/46 MP: 5/5
  1791 | D:3      | Found a hazy altar of Hepliaklqana.
  1795 | D:3      | Became a worshipper of Hepliaklqana the Forgotten
  1951 | D:3      | Found a radiant altar of Vehumet.
  2495 | D:4      | Reached skill level 5 in Slings
  2495 | D:4      | Reached XP level 6. HP: 47/47 MP: 6/6
  2589 | D:4      | Found a sparkling altar of Nemelex Xobeh.
  2851 | D:5      | Entered Level 5 of the Dungeon
  2903 | D:5      | Reached skill level 5 in Fighting
  3139 | D:5      | Noticed Dowan
  3140 | D:5      | Noticed Duvessa
  3155 | D:5      | Killed Duvessa
  3155 | D:5      | Your scales start taking on a fiery red colour.
  3155 | D:5      | Reached XP level 7. HP: 41/54 MP: 7/7
  3155 | D:5      | Gained mutation: Your flesh is heat resistant. (rF+) [Red
                  | Draconian growth]
  3156 | D:5      | Killed Dowan
  3335 | D:5      | Reached * piety under Hepliaklqana
  3356 | D:5      | Found a glowing golden altar of the Shining One.
  3388 | D:5      | Reached skill level 1 in Evocations
  3923 | D:6      | Reached XP level 8. HP: 61/61 MP: 9/9
  3957 | D:6      | Noticed Grinder
  3961 | D:6      | Killed Grinder
  3991 | D:6      | Found a glowing drain.
  4003 | Sewer    | Entered a sewer
  4301 | D:6      | Reached ** piety under Hepliaklqana
  4323 | D:6      | Remembered your ancestor Love as a knight
  4426 | D:6      | Noticed Pikel
  4445 | D:6      | Killed Pikel
  4445 | D:6      | Reached skill level 5 in Stealth
  4723 | D:6      | You fall into a shaft and drop 3 floors!
  4724 | D:9      | Noticed a hornet
  4892 | D:7      | Reached XP level 9. HP: 66/66 MP: 12/12
  4947 | D:7      | Noticed Joseph
  4960 | D:7      | Paralysed by Joseph for 7 turns
  4963 | D:7      | Killed Joseph
  4963 | D:7      | Reached skill level 5 in Dodging
  5105 | D:7      | You fall into a shaft and drop 1 floor!
  5275 | D:7      | Found a hide-covered altar of Uskayaw.
  5357 | D:7      | Found a sand-covered staircase.
  5369 | Ossuary  | Entered an ossuary
  5641 | Ossuary  | Reached *** piety under Hepliaklqana
  5999 | D:7      | Found a shadowy altar of Dithmenos.
  5999 | D:7      | Found a white marble altar of Elyvilon.
  6227 | D:6      | Found a staircase to the Ecumenical Temple.
  6289 | D:6      | Found a burning altar of Makhleb.
  6722 | D:8      | Reached skill level 10 in Slings
  7212 | D:8      | Reached XP level 10. HP: 47/72 MP: 10/13
  8101 | D:9      | Noticed a three-headed hydra
  8106 | D:9      | Killed a three-headed hydra
  8856 | D:10     | Entered Level 10 of the Dungeon
  8857 | D:10     | Reached **** piety under Hepliaklqana
  8879 | D:10     | Reached XP level 11. HP: 79/81 MP: 14/14
  8911 | D:10     | Noticed an unseen horror
  9143 | D:10     | Found an iron altar of Okawaru.
  9422 | D:10     | Noticed Sonja
  9427 | D:10     | Killed Sonja
  9563 | D:10     | Reached skill level 5 in Invocations
  9719 | D:10     | Killed an unseen horror
  9880 | D:10     | Got a pitted glaive
  9971 | D:10     | Identified the cursed +0 glaive "Xuciz" {drain, *Drain MR++
                  | Str+3 Int-5} (You found it on level 10 of the Dungeon)
 10007 | D:11     | Noticed a brown ugly thing
 10010 | D:11     | Found a staircase to the Lair.
 10016 | D:11     | Noticed a red ugly thing
 10023 | D:11     | Killed a brown ugly thing
 10328 | D:11     | Killed a red ugly thing
 10359 | D:11     | Found a gate leading to a gauntlet.
 10368 | Gauntlet | Entered a Gauntlet
 10368 | Gauntlet | Found a transporter.
 10368 | Gauntlet | Found a transporter.
 10368 | Gauntlet | Noticed a blizzard demon
 10679 | Gauntlet | Found a transporter.
 10682 | Gauntlet | Found a transporter.
 10689 | Gauntlet | Found a transporter.
 10693 | Gauntlet | Found a transporter.
 10700 | Gauntlet | Found a transporter.
 10714 | Gauntlet | Noticed a soul eater
 10715 | Gauntlet | Found a transporter.
 10736 | Gauntlet | Found a transporter.
 10736 | Gauntlet | Noticed a necromancer
 10762 | Gauntlet | Found a transporter.
 10779 | Gauntlet | Found a transporter.
 10830 | Gauntlet | Noticed a blizzard demon
 10831 | Gauntlet | Found a transporter.
 11198 | Gauntlet | Got a pair of pitted gloves
 11326 | Gauntlet | Killed a soul eater
 11538 | Gauntlet | Identified the ring "Zowyin" {rElec rPois MR+ Int-3 Stlth+}
 11538 | Gauntlet | Noticed a minotaur
 11556 | Gauntlet | Killed a minotaur
 11575 | Gauntlet | Got an ancient broad axe
 11802 | D:11     | Noticed Erica
 11819 | D:11     | Killed Erica
 11836 | D:11     | Identified the +0 pair of gloves of Circular Logic {rPois
                  | Dex+4} (You found it in a Gauntlet)
 11870 | D:11     | Identified the +6 broad axe of Umo Jiupori {drain, rPois
                  | MR+ Str+2 SInv} (You found it in a Gauntlet)
 11945 | D:11     | Reached XP level 12. HP: 93/93 MP: 17/17
 12343 | D:11     | Found a staircase to the Orcish Mines.
 12706 | Lair:1   | Entered Level 1 of the Lair of Beasts
 12712 | Lair:1   | Noticed a four-headed hydra
 12723 | Lair:1   | Killed a four-headed hydra
 12723 | Lair:1   | Reached skill level 10 in Fighting
 12850 | Lair:1   | Noticed Maggie
 12862 | Lair:1   | Killed Maggie
 13402 | Lair:1   | Noticed Fannar
 13433 | Lair:1   | Killed Fannar
 13631 | Lair:1   | Reached skill level 5 in Evocations
 14036 | Lair:2   | Noticed a six-headed hydra
 14042 | Lair:2   | Killed a six-headed hydra
 15286 | Lair:3   | Upgraded the game from 0.25-a0-1133-g93ebf739aa to
                  | 0.25-a0-1136-gc1285e62ab
 15558 | Lair:3   | Identified the +8 short sword "Qoxay" {speed, +Fly rC+++
                  | Str-4 Int-2} (You found it on level 3 of the Lair of
                  | Beasts)
 15778 | Lair:3   | Reached XP level 13. HP: 104/104 MP: 20/20
 15912 | Lair:3   | Found a staircase to the Shoals.
 16427 | Lair:3   | Reached skill level 10 in Invocations
 16476 | Lair:3   | Reached ***** piety under Hepliaklqana
 17089 | Lair:4   | Noticed Snorg
 17107 | Lair:4   | Killed Snorg
 17141 | Lair:4   | Found a hole to the Spider Nest.
 17972 | Lair:4   | Reached skill level 10 in Dodging
 18866 | Lair:5   | Noticed Nessos
 18867 | Lair:5   | Noticed Nessos
 18867 | Lair:5   | Nessos changed into Nessos the floating eye
 18870 | Lair:5   | Killed Nessos the floating eye
 19429 | Lair:5   | Noticed Kirke
 19461 | Lair:5   | Killed Kirke
 19896 | Lair:5   | Reached XP level 14. HP: 99/114 MP: 22/22
 20068 | Lair:5   | Found a staircase to the Slime Pits.
 20348 | Lair:6   | Entered Level 6 of the Lair of Beasts
 20813 | Lair:6   | Reached skill level 1 in Shields
 21228 | Lair:6   | Reached skill level 2 in Shields
 21603 | Lair:6   | Reached skill level 3 in Shields
 22094 | Lair:6   | Reached skill level 4 in Shields
 22577 | Lair:6   | Found a runed translucent gate.
 22577 | Lair:6   | Found a runed translucent gate.
 22578 | Lair:6   | Found a runed translucent gate.
 22583 | Lair:6   | Noticed joppa's ghost (journeyman OgAM)
 22583 | Lair:6   | Noticed will825x's ghost (journeyman KoBe)
 22583 | Lair:6   | Noticed chispire's ghost (journeyman MiBe)
 23016 | Orc:1    | Entered Level 1 of the Orcish Mines
 24060 | Orc:2    | Entered Level 2 of the Orcish Mines
 24078 | Orc:2    | Found an iron altar of Okawaru.
 24572 | Orc:2    | Found Nuwasesie's Distillery.
 24592 | Orc:2    | Found a staircase to the Elven Halls.
 24802 | Orc:2    | Found Ythu's Food Shoppe.
 25706 | Orc:2    | Reached XP level 15. HP: 110/125 MP: 24/24
 26119 | Orc:2    | Paralysed by an orc sorcerer for 4 turns
 26410 | Orc:2    | Found Xoich's Gadget Shop.
 26410 | Orc:2    | Found a one-way gate leading to the halls of Pandemonium.
 26410 | Orc:2    | Found Utey's Antique Weapon Boutique.
 26949 | D:12     | Reached skill level 1 in Polearms
 28055 | D:13     | Found a glowing golden altar of the Shining One.
 28057 | D:13     | Found Laoddir's Hallowed Reliquary.
 28193 | Orc:2    | Bought a potion of cancellation for 112 gold pieces
 28193 | Orc:2    | Bought 2 potions of haste for 280 gold pieces
 28193 | Orc:2    | Bought a potion of invisibility for 112 gold pieces
 28193 | Orc:2    | Bought 2 potions of heal wounds for 140 gold pieces
 28194 | Orc:2    | Bought a potion of haste for 140 gold pieces
 28194 | Orc:2    | Bought a potion of resistance for 140 gold pieces
 28194 | Orc:2    | Bought a potion of curing for 42 gold pieces
 28194 | Orc:2    | Bought 2 potions of curing for 84 gold pieces
 28194 | Orc:2    | Bought a potion of berserk rage for 70 gold pieces
 28491 | D:13     | Reached skill level 15 in Fighting
 29019 | D:14     | Reached skill level 5 in Polearms
 29180 | D:14     | Identified the +7 plate armour of Death's Door {+Inv Int-5
                  | SInv Stlth+}
 29191 | D:14     | Found a gate to the Vaults.
 30915 | D:15     | Entered Level 15 of the Dungeon
 30965 | D:15     | Noticed Louise
 30991 | D:15     | Killed Louise
 31402 | D:15     | Found a transporter.
 31408 | D:15     | Noticed Yppuojun's ghost (journeyman MiFi)
 31408 | D:15     | Identified the +7 great mace of Arphyir {flame, rC+}
 31408 | D:15     | Noticed a fire giant
 31464 | D:15     | Reached skill level 5 in Shields
 31631 | D:15     | Found a staircase to the Depths.
 31868 | D:15     | Found a shattered altar of Ashenzari.
 31975 | D:15     | Found a transporter.
 32212 | D:15     | Found Itybluwi's Antique Weapon Shoppe.
 32482 | D:15     | Noticed Agnes
 32490 | D:15     | Killed Agnes
 32677 | D:15     | Identified Roxanne's Disquisition on the Mountains
 32677 | D:15     | Noticed Roxanne
 33008 | Lair:6   | Killed joppa's ghost
 33281 | Lair:6   | Killed chispire's ghost
 33413 | Spider:1 | Entered Level 1 of the Spider Nest
 33413 | Spider:1 | Noticed Azrael
 33421 | Spider:1 | Killed Azrael
 33421 | Spider:1 | Reached XP level 16. HP: 126/134 MP: 25/25
 33704 | Spider:1 | Reached skill level 6 in Shields
 34021 | Spider:1 | Reached skill level 7 in Shields
 35325 | Spider:3 | Reached skill level 8 in Shields
 35790 | Spider:2 | Reached skill level 10 in Polearms
 36579 | Spider:2 | Reached skill level 9 in Shields
 37553 | Spider:2 | Identified the +2 trident "Xaul Qao" {vorpal, Str+4} (You
                  | found it on level 2 of the Spider Nest)
 38318 | Spider:3 | Learned a level 2 spell: Blink
 38575 | Spider:3 | Reached ****** piety under Hepliaklqana
 38605 | Spider:4 | Entered Level 4 of the Spider Nest
 38645 | Spider:4 | Reached skill level 10 in Shields
 38738 | Spider:4 | Reached XP level 17. HP: 53/140 MP: 26/26
 40033 | Spider:4 | Reached skill level 11 in Shields
 40552 | Spider:4 | Got a gossamer rune of Zot
 40903 | Shoals:1 | Entered Level 1 of the Shoals
 41054 | Shoals:1 | Found a large runed translucent door.
 41055 | Shoals:1 | Found a large runed translucent door.
 41275 | Shoals:1 | Noticed Jorgrun
 41323 | Shoals:1 | Killed Jorgrun
 41680 | Shoals:1 | Noticed fritzmikael's ghost (journeyman SpEE)
 41701 | Shoals:1 | Reached skill level 12 in Shields
 42041 | Shoals:1 | Killed fritzmikael's ghost
 42051 | Shoals:1 | Identified the amulet "Pujemm" {Faith rF- rC++ MP+9 Slay+5}
                  | (You found it on level 1 of the Shoals)
 42081 | Shoals:2 | Noticed Ilsuiw
 42097 | Shoals:2 | Killed Ilsuiw
 42472 | Shoals:2 | Noticed Donald
 42483 | Shoals:2 | Killed Donald
 43354 | Shoals:3 | Reached skill level 13 in Shields
 43354 | Shoals:3 | Reached XP level 18. HP: 130/146 MP: 27/27
 43972 | Shoals:4 | Entered Level 4 of the Shoals
 45075 | Shoals:4 | Reached skill level 14 in Shields
 46150 | Shoals:4 | Reached skill level 15 in Shields
 47040 | Shoals:4 | Got a barnacled rune of Zot
 47970 | Vaults:1 | Entered Level 1 of the Vaults
 48363 | Vaults:1 | Reached skill level 1 in Throwing
 48731 | Elf:1    | Entered Level 1 of the Elven Halls
 48744 | Orc:2    | Reached skill level 16 in Shields
 49175 | Elf:1    | Found Gant's Jewellery Shoppe.
 49175 | Elf:1    | Found Tuegezau's Gadget Boutique.
 49337 | Elf:1    | Reached XP level 19. HP: 153/153 MP: 28/28
 49900 | Elf:1    | Found Nutunt's Gadget Boutique.
 49914 | Elf:1    | Bought a wand of acid (8) for 360 gold pieces
 49914 | Elf:1    | Bought a wand of digging (6) for 300 gold pieces
 50774 | Elf:2    | Found a runed translucent gate.
 50776 | Elf:2    | Found a runed translucent gate.
 50777 | Elf:2    | Found a runed translucent gate.
 51105 | Elf:2    | Reached skill level 5 in Throwing
 51273 | Elf:2    | Learned a level 3 spell: Portal Projectile
 51753 | Elf:3    | Entered Level 3 of the Elven Halls
 51907 | Elf:3    | Noticed Aizul
 51929 | Elf:3    | Killed Aizul
 52761 | Elf:3    | Identified the +7 spear of False Hope {protect, rF+ rN+}
 52779 | Elf:3    | Identified the +12 trident of Bodily Harmony {vamp, *Slow
                  | +Fly rC+++ MP+9}
 53109 | Elf:3    | Noticed a Tzitzimitl
 53190 | Elf:3    | Identified the +8 battleaxe of Gaitejuh {flame, *Slow +Fly
                  | rC+}
 53194 | Elf:3    | Reached skill level 17 in Shields
 53241 | Elf:3    | Identified the cursed +0 quarterstaff of Precise Incision
                  | {speed, *Drain rF+ Str+5}
 53340 | Elf:3    | Identified the +0 pair of gloves "Boythor" {Int+5} (You
                  | found it on level 3 of the Elven Halls)
 54215 | Vaults:1 | Reached XP level 20. HP: 127/162 MP: 29/29
 54635 | Vaults:1 | Found a portal to a secret trove of treasure.
 55166 | Vaults:2 | Reached skill level 10 in Evocations
 55776 | Vaults:2 | Found a huge runed gate.
 55776 | Vaults:2 | Found a huge runed gate.
 55777 | Vaults:2 | Found a huge runed gate.
 55778 | Vaults:2 | Found a huge runed gate.
 55779 | Vaults:2 | Found a huge runed gate.
 55779 | Vaults:2 | Found a huge runed gate.
 55779 | Vaults:2 | Found a huge runed gate.
 55783 | Vaults:2 | Found a huge runed gate.
 55783 | Vaults:2 | Found a huge runed gate.
 55784 | Vaults:2 | Found a huge runed gate.
 55784 | Vaults:2 | Found a huge runed gate.
 55785 | Vaults:2 | Found a huge runed gate.
 55786 | Vaults:2 | Found a huge runed gate.
 55831 | Vaults:2 | Found a huge runed gate.
 55831 | Vaults:2 | Found a huge runed gate.
 55831 | Vaults:2 | Found a huge runed gate.
 55831 | Vaults:2 | Found a huge runed gate.
 55831 | Vaults:2 | Found a huge runed gate.
 55831 | Vaults:2 | Found a huge runed gate.
 55831 | Vaults:2 | Found a huge runed gate.
 55832 | Vaults:2 | Found a huge runed gate.
 55833 | Vaults:2 | Found a huge runed gate.
 55841 | Vaults:2 | Found a huge runed gate.
 55841 | Vaults:2 | Found a huge runed gate.
 55841 | Vaults:2 | Found a huge runed gate.
 55841 | Vaults:2 | Found a huge runed gate.
 55841 | Vaults:2 | Found a huge runed gate.
 55841 | Vaults:2 | Found a huge runed gate.
 55841 | Vaults:2 | Found a huge runed gate.
 55842 | Vaults:2 | Found a huge runed gate.
 55843 | Vaults:2 | Found a huge runed gate.
 55851 | Vaults:2 | Found a huge runed gate.
 55851 | Vaults:2 | Found a huge runed gate.
 55851 | Vaults:2 | Found a huge runed gate.
 55851 | Vaults:2 | Found a huge runed gate.
 55851 | Vaults:2 | Found a huge runed gate.
 56941 | Vaults:2 | Reached skill level 18 in Shields
 58446 | Vaults:3 | Reached XP level 21. HP: 120/170 MP: 30/30
 58953 | Vaults:3 | HP: 4/170 [deep elf knight/stone arrow (41)]
 59334 | Vaults:3 | Reached skill level 10 in Throwing
 59845 | Vaults:3 | Found a gateway to a bazaar.
 60059 | Vaults:3 | Noticed Saint Roka
 60086 | Vaults:3 | Killed Saint Roka
 60418 | Vaults:3 | Found a staircase to the Crypt.
 61019 | Vaults:4 | Reached skill level 15 in Dodging
 61456 | Vaults:4 | Reached skill level 19 in Shields
 61798 | Vaults:4 | Identified the ring of Veus {rN+ Dex+6}
 62508 | Vaults:4 | Reached XP level 22. HP: 172/179 MP: 31/31
 62874 | Depths:1 | Entered Level 1 of the Depths
 62874 | Depths:1 | Found a gateway to Hell.
 63105 | Depths:1 | Found a gateway to a ziggurat.
 63555 | Depths:1 | Reached skill level 1 in Translocations
 63557 | Depths:1 | Reached skill level 1 in Hexes
 63617 | Depths:1 | Found Botheag's Mass Market.
 63694 | Depths:1 | Found a runed translucent door.
 63695 | Depths:1 | Noticed Acwon's ghost (legendary TrMo)
 64433 | Bazaar   | Entered a bazaar
 64434 | Bazaar   | Found Daen's Magic Scroll Emporium.
 64434 | Bazaar   | Found Qeicoew's Armour Emporium.
 64435 | Bazaar   | Found Kudeps's General Store.
 64466 | Bazaar   | Found Gipriok's Assorted Antiques.
 64474 | Bazaar   | Bought a scroll of enchant weapon for 172 gold pieces
 64474 | Bazaar   | Bought a scroll of fear for 80 gold pieces
 64485 | Bazaar   | Bought a scroll of summoning for 104 gold pieces
 64485 | Bazaar   | Bought a scroll of teleportation for 33 gold pieces
 64485 | Bazaar   | Bought a scroll of summoning for 104 gold pieces
 64485 | Bazaar   | Bought a scroll of teleportation for 33 gold pieces
 64485 | Bazaar   | Bought a scroll of acquirement for 572 gold pieces
 64485 | Bazaar   | Bought a scroll of fear for 38 gold pieces
 64485 | Bazaar   | Bought a scroll of fog for 22 gold pieces
 64499 | Bazaar   | Bought a scroll of holy word for 127 gold pieces
 64499 | Bazaar   | Bought 3 scrolls of enchant weapon for 382 gold pieces
 64896 | Depths:2 | Noticed a juggernaut
 64907 | Depths:2 | Killed a juggernaut
 65530 | Depths:2 | Noticed a golden dragon
 65548 | Depths:2 | Killed a golden dragon
 65567 | Depths:2 | Identified the ring of Ydygykha {rF+ rC+ Str+3}
 66051 | Vaults:1 | You paid a toll of a +6 demon blade to enter a treasure
                  | trove
 66052 | Trove    | Entered a treasure trove
 67036 | Depths:2 | Noticed a golden dragon
 67051 | Depths:2 | Killed a golden dragon
 67255 | Depths:2 | Reached skill level 1 in Axes
 67255 | Depths:2 | Reached skill level 20 in Shields
 67282 | Depths:2 | Noticed a golden dragon
 67290 | Depths:2 | Killed a golden dragon
 67613 | Depths:2 | Reached XP level 23. HP: 134/188 MP: 32/32
 69421 | Depths:4 | Reached skill level 5 in Translocations
 69607 | Depths:4 | Noticed the Enchantress
 69617 | Depths:4 | Killed the Enchantress
 69617 | Depths:4 | Reached skill level 5 in Hexes
 69981 | Depths:4 | Found a one-way gate to the infinite horrors of the Abyss.
 70478 | Depths:5 | Entered Level 5 of the Depths
 70877 | Depths:5 | Identified the Incunabulum of Good Luck and Conjuration
 70962 | Depths:5 | Found a gate to the Realm of Zot.
 72134 | Depths:5 | Found Zixys's Armour Boutique.
 72165 | Depths:5 | Found a runed translucent door.
 72811 | D:13     | Bought a potion of curing for 51 gold pieces
 72811 | D:13     | Bought a scroll of holy word for 127 gold pieces
 72941 | Orc:2    | Bought a potion of mutation for 112 gold pieces
 72941 | Orc:2    | Bought 2 potions of haste for 280 gold pieces
 73263 | Vaults:5 | Entered Level 5 of the Vaults
 73418 | Vaults:5 | Noticed Sojobo
 73437 | Vaults:5 | Killed Sojobo
 73490 | Vaults:5 | Reached skill level 5 in Axes
 73493 | Vaults:5 | Identified the ring "Zuitzax" {rC+ Slay+3}
 73495 | Vaults:5 | Identified the +1 robe of New Discoveries {rC+ Int+4}
 73924 | Vaults:5 | Identified the ring "Cenwoipho" {+Fly rElec Str+4 Dex-5
                  | SInv}
 73948 | Vaults:5 | Identified the cursed +0 short sword of Havoc {venom, rElec
                  | rC+ Int-5}
 73962 | Vaults:5 | Reached XP level 24. HP: 195/195 MP: 32/32
 74096 | Vaults:5 | Noticed an ancient lich
 74110 | Vaults:5 | Killed an ancient lich
 74963 | Vaults:5 | Identified the cursed +0 chain mail of Foinlahiuc {Harm
                  | rC++ Int-4 SInv}
 75165 | Vaults:5 | Identified the ring of Equilibrium {rC+ SInv}
 75864 | Vaults:5 | Reached skill level 21 in Shields
 75909 | Vaults:5 | Noticed Mara
 75918 | Vaults:5 | Noticed EnegeticOcto's illusion
 75941 | Vaults:5 | Noticed EnegeticOcto's illusion
 75952 | Vaults:5 | Killed Mara
 76014 | Vaults:5 | Noticed Xtahua
 76035 | Vaults:5 | Killed Xtahua
 76520 | Vaults:5 | Noticed an ancient lich
 76533 | Vaults:5 | Killed an ancient lich
 76737 | Vaults:5 | Got a silver rune of Zot
 76764 | Vaults:5 | Identified the amulet of Liberty {Spirit Str+2 Int+7}
 76809 | Vaults:5 | Reached skill level 10 in Axes
 77029 | Vaults:5 | Identified the cursed +2 hand crossbow of Fate {freeze,
                  | Dex+2}
 77599 | Vaults:5 | Identified the amulet of Fedhas's Esteem {Acrobat rPois
                  | Str+3 Dex+3}
 78351 | Depths:3 | Reached XP level 25. HP: 192/201 MP: 32/33
 78837 | Depths:3 | Found a runed translucent door.
 78837 | Depths:3 | Found a runed translucent door.
 78837 | Depths:3 | Found a runed translucent door.
 79198 | Depths:3 | Found Etzowu's Armour Shoppe.
 80396 | Depths:4 | Noticed a juggernaut
 80409 | Depths:4 | Killed a juggernaut
 80782 | Depths:4 | Reached skill level 15 in Invocations
 80961 | Depths:4 | Noticed a juggernaut
 80986 | Depths:4 | Killed a juggernaut
 80986 | Depths:4 | Reached skill level 22 in Shields
 81569 | Zot:1    | Entered Level 1 of the Realm of Zot
 82819 | Zot:1    | Reached XP level 26. HP: 43/210 MP: 8/34
 83397 | Zot:1    | Identified the Collected Works on Confrontation and
                  | Companions
 83571 | Zot:1    | You fall into a shaft and drop 1 floor!
 84154 | Zot:1    | Reached skill level 15 in Axes
 84844 | Zot:5    | Entered Level 5 of the Realm of Zot
 86313 | Slime:1  | Entered Level 1 of the Pits of Slime
 86817 | Slime:5  | Entered Level 5 of the Pits of Slime
 86824 | Slime:5  | Noticed the Royal Jelly
 86845 | Slime:5  | Gained mutation: Your magical capacity is low. (-10% MP) [a
                  | shining eye]
 87268 | Slime:5  | Killed the Royal Jelly
 87783 | Slime:5  | Got a sparkling steel ring
 87784 | Slime:5  | Identified the ring "Eruvei" {rElec rF+ Slay+2} (You found
                  | it on level 5 of the Pits of Slime)
 87805 | Slime:5  | Got a slimy rune of Zot
 87831 | Slime:5  | Got a wavering marble ring
 87832 | Slime:5  | Identified the ring of Emayllaa {rPois rC+ MR- Slay+2} (You
                  | found it on level 5 of the Pits of Slime)
 87858 | Slime:5  | Identified the Handbook of the Arsonist and Transmigration
 87872 | Slime:5  | Identified the Grimoire of Sinister Secrets and Ignition
 88599 | Depths:3 | Bought a +0 pair of boots of running for 567 gold pieces
 88783 | D:15     | Killed Roxanne
 88905 | D:15     | Killed Yppuojun's ghost
 89452 | Zot:5    | Noticed an ancient lich
 89491 | Zot:5    | Reached XP level 27. HP: 200/221 MP: 31/31
 89794 | Zot:5    | Killed an ancient lich
 90088 | Zot:5    | Noticed an orb of fire
 90089 | Zot:5    | Gained mutation: You tend to lose your temper in combat.
                  | [an orb of fire]
 90099 | Zot:5    | Killed an orb of fire
 90118 | Zot:5    | Noticed an orb of fire
 90138 | Zot:5    | Killed an orb of fire
 91569 | Zot:5    | Got the Orb of Zot
 92086 | D:5      | Noticed Mugapofu the pandemonium lord
 92190 | D:$      | Escaped with the Orb!

Illustrated notes

Levels and vault maps discovered:
D:1:      matt_arrival_spirals, layout_basic
D:2:      layout_basic, gammafunk_temple_overflow_pools
D:3:      layout_loops_cross, vehumet_crystals, overflow_temple_1_default,
          uniq_jessica
D:4:      layout_loops_ring, kennysheep_mini_moat
D:5:      layout_cave_pools, lemuel_round_altar, first_ration, uniq_duvessa
D:6:      layout_rooms, lemuel_temple_firewalk_b, cheibrodos_sewer_entry_bend,
          makhleb_blood_cavern_becter, uniq_pikel, uniq_grinder
D:7:      wad_pebble_path, layout_rooms, lemuel_round_altar,
          gammafunk_temple_overflow_wave, gup_ossuary_entry_pyramid, uniq_joseph
D:8:      layout_loops_ring, serial_glass, glass_columns_b, glass_columns_c
D:9:      layout_rooms, hangedman_ranch [blue_anna_fruit_fields],
          kennysheep_generic_room_15
D:10:     layout_irregular_city, basic_altar, uniq_sonja
D:11:     layout_loops_ring, due_lair_maze_entry_diamond,
          kennysheep_orc_monster_closet_entryway, gauntlet_entry_generic,
          uniq_erica
D:12:     layout_cave_pools
D:13:     layout_roguey, minmay_misc_feat_rows, nicolae_good_shop
D:14:     layout_layer_cave, ximxim_vaults_locker_room, minmay_staircase_bubble,
          dk_noncrumbling_3, minmay_misc_feat_tiny, nrook_uturn,
          hangedman_tell_no_tales
D:15:     gammafunk_enter_depths_forms, layout_basic, serial_shops,
          nicolae_shop_overgrown_old_shop, nicolae_ashenzari_panopticon,
          gammafunk_ghost_smash, uniq_louise, uniq_roxanne, uniq_agnes
Lair:1:   layout_gridlike, serial_bayou_shore_b, uniq_fannar, uniq_maggie
Lair:2:   layout_gridlike, lemuel_fruit_tree, serial_bayou_shore_b,
          grunt_megastairs_2
Lair:3:   layout_small_grid, minmay_shoals_entry_lonely_mermaid,
          infiniplex_staircase_pool_2
Lair:4:   layout_cave_shapes, spider_nest_entry_webs, minmay_lair_oklob_bushes,
          grunt_megastairs_5, uniq_snorg
Lair:5:   layout_regular_city, dpeg_slime_entry_corner,
          chequers_serial_rivers_small_a, minmay_lair_oklob_chamber,
          uniq_nessos, uniq_kirke
Lair:6:   minmay_lair_end_enchanted_forest, layout_regular_city,
          gammafunk_ghost_cemetery
Shoals:1: layout_shoals, ebering_ghost_disaster_area, uniq_jorgrun
Shoals:2: layout_shoals, uniq_ilsuiw, uniq_donald
Shoals:3: layout_shoals
Shoals:4: shoals_end_grunt_ice, layout_shoals
Spider:1: layout_spider_delve, special_room [special_room_bee],
          spiders_nest_spider_trap, uniq_azrael
Spider:2: lemuel_spider_zombies
Spider:3: layout_spider_delve
Spider:4: spider_rune_water, nicolae_spider_cling_ruins
Slime:1:  layout_caves
Slime:2:  layout_caves
Slime:3:  layout_caves
Slime:4:  layout_caves
Slime:5
Orc:1:    layout_diamond_mine, special_room [special_room_orc]
Orc:2:    pf_orc_diabolical, layout_caves, okawaru_metal_pillars_3
Elf:1:    minmay_elf_arrival_summoners, layout_loops_ring,
          minmay_elf_crystal_hexagon, drop_trap, st_stairs_7, minmay_shop_grove
Elf:2:    layout_geoelf_octagon, billiards_dpeg, uniq_asterion
Elf:3:    minmay_elf_hall_quartered_circle, layout_loops_ring,
          serial_sigils_hangedman_clutch, uniq_aizul
Vaults:1: vaults_room_corners, ontoclasm_vaults_ring_large,
          nicolae_vaults_little_squares_1, nicolae_vaults_circle_grid_a,
          ontoclasm_vaults_fault, vaults_standard_mumra_x,
          vaults_room_stairs_pillars, layout_vaults_omnigrid, enter_trove_2
Vaults:2: nicolae_vaults_hallways_thing, v_misc_28, vaults_dpeg_diagonal,
          hangedman_vaults_stagger, vaults_dpeg_cross, ontoclasm_vaults_chip,
          nicolae_vaults_border_crossing, v_misc_19,
          nicolae_vaults_little_squares_2,
          nicolae_vaults_windows_and_doors_thing, v_rooms_2,
          nicolae_vaults_rhombus_6, vaults_door_vault,
          nicolae_vaults_circle_grid_b, ontoclasm_vaults_decontamination,
          nicolae_vaults_ring_of_whatevers, layout_vaults_omnibox
Vaults:3: hangedman_vaults_stitches, hangedman_vaults_pinch,
          nicolae_vaults_little_ls, v_misc_30, hangedman_vaults_cutoff,
          minmay_crypt_entry_nasty_monster, nicolae_vaults_network_star,
          v_pattern_1, ontoclasm_vaults_twist, v_misc_14,
          ontoclasm_vaults_ring_small, vaults_room_door_ring,
          nicolae_vaults_c_with_doors, layout_vaults_maze, serial_shops,
          bzr_entry_dummy, uniq_saint_roka, uniq_margery
Vaults:4: nicolae_vaults_diagonal_hallway_9, dpeg_vaults_monster_box,
          ontoclasm_vaults_echo, v_pattern_2, hangedman_vaults_slither,
          hangedman_vaults_slice, hangedman_vaults_nodes,
          nicolae_vaults_yaktaur_gun_rack, v_misc_8, vaults_room_fancy_cross,
          layout_vaults_omnicross
Vaults:5: serial_shops, uniq_xtahua, uniq_mara, uniq_sojobo
Depths:1: layout_small_grid, enter_ziggurat_f, gammafunk_ghost_grave,
          hell_entry, hangedman_decor_growths, minmay_gold_behind_fungi,
          st_stairs_14, minmay_shop_mass, kennysheep_small_circle
Depths:2: minmay_complete_graph, layout_long_grid, grunt_pan_entry_in_and_out,
          hell_entry, kennysheep_opposing_triangles
Depths:3: minmay_the_grid_triangle_9x9_rhombus_full
          [minmay_the_grid_triangle_9x9_descending_squares,
          minmay_the_grid_triangle_9x9_windchime,
          minmay_the_grid_triangle_9x9_semitri,
          minmay_the_grid_triangle_9x9_fully_insulated_deathbox,
          minmay_the_grid_triangle_9x9_warning,
          minmay_the_grid_triangle_9x9_longest,
          minmay_the_grid_triangle_9x9_from_above,
          minmay_the_grid_triangle_9x9_prize_insulated], layout_basic,
          hell_entry, serial_shops, kennysheep_mini, kennysheep_small_spiral,
          pan_entry, serial_bayou_lake_a
Depths:4: minmay_three_patterns, layout_honeycomb,
          abyss_entry_small_statue_room, dk_noncrumbling_2, lightli_too_deep,
          infiniplex_staircase_zigzag_2, uniq_enchantress
Depths:5: evilmike_zot_entry_diamond, layout_basic, grunt_hell_entry_dis_old,
          serial_shops, nicolae_shop_window_shopping, drop_trap,
          lightli_giant_bouncers
Zot:1:    grunt_twist_and_shout, layout_onion_interference
Zot:2:    layout_onion_interference
Zot:3:    minmay_elemental_castle, layout_gridlike, lemuel_lake_of_fire,
          lemuel_elevator, uniq_tiamat
Zot:4:    layout_cathedral_of_symmetry, st_stairs_1, grunt_megastairs_1
Zot:5:    layout_misc_corridors

Skill      XL: |  1  2  3  4  5  6  7  8  9 10 11 12 13 14 15 16 17 18 19 20 21 22 23 24 25 26 27 |
---------------+----------------------------------------------------------------------------------+-----
Stealth        | 2 3 5 |  5.0
Slings         | 4 5 6 7 10 12 | 12.0
Fighting       | 3 4 5 6 9 11 12 14 15 16 17 18 20 21 | 21.0
Dodging        | 2 4 5 6 8 9 10 12 13 14 15 16 | 16.1
Evocations     | 2 4 6 8 9 10 11 12 13 | 13.7
Invocations    | 3 7 9 11 12 13 15 16 17 | 17.7
Shields        | 4 5 10 13 16 17 18 19 20 21 22 | 22.7
Polearms       | 8 11 13 14 | 14.0
Throwing       | 3 7 9 11 12 14 | 14.4
Translocations | 4 6 8 |  8.0
Hexes          | 4 6 7 |  7.0
Axes           | 1 5 10 14 16 | 16.1

Action                   |  1- 3 |  4- 6 |  7- 9 | 10-12 | 13-15 | 16-18 | 19-21 | 22-24 | 25-27 || total
-------------------------+-------+-------+-------+-------+-------+-------+-------+-------+-------++-------
Melee: Halberd           |       |       |     4 |    48 |     1 |       |       |       |       ||    53
       Tailslap          |       |       |       |    12 |    97 |   176 |   195 |   265 |   212 ||   957
       Broad axe         |       |       |       |    21 |    47 |    21 |   761 |  1200 |   880 ||  2930
       Short sword       |       |       |       |       |   109 |       |       |       |       ||   109
       Demon trident     |       |       |       |       |   505 |  1631 |   448 |   125 |   105 ||  2814
 Fire: Hunting sling     |    93 |   222 |   362 |   838 |  1522 |       |       |       |       ||  3037
Throw: Dart              |       |       |       |       |     7 |    19 |       |       |       ||    26
       Javelin           |       |       |       |       |       |     2 |   135 |   238 |   263 ||   638
       Throwing net      |       |       |       |       |       |       |       |     2 |     2 ||     4
 Cast: Blink             |       |       |       |       |       |       |       |     2 |       ||     2
       Portal Projectile |       |       |       |       |       |       |       |     1 |     7 ||     8
Invok: Recall Ancestor   |       |       |     4 |     4 |    18 |    12 |     2 |     4 |    23 ||    67
       Ancestor Identity |       |       |     1 |       |     1 |       |       |       |       ||     2
       Ancestor Life: Kn |       |       |     1 |       |       |       |       |       |       ||     1
       Idealise          |       |       |       |     5 |     9 |     3 |     2 |     5 |     4 ||    28
       Transference      |       |       |       |     2 |     2 |     2 |       |     1 |     1 ||     8
 Abil: Breathe Fire      |       |       |    10 |    34 |    75 |    17 |     5 |     5 |     2 ||   148
       Cancel Portal Pro |       |       |       |       |       |       |       |       |     1 ||     1
Evoke: Wand              |       |       |       |    11 |    19 |    15 |       |    23 |    36 ||   104
       Tin of tremorston |       |       |       |       |       |       |     3 |     3 |     6 ||    12
       Phial of floods   |       |       |       |       |       |       |       |     2 |       ||     2
       Box of beasts     |       |       |       |       |       |       |       |     1 |       ||     1
  Use: Scroll            |     3 |     3 |    18 |    13 |    13 |    16 |     5 |    13 |    17 ||   101
       Potion            |       |     1 |       |     4 |     1 |    13 |     4 |     2 |     8 ||    33
 Stab: Distracted        |       |       |       |     2 |     4 |    16 |    14 |    27 |    26 ||    89
       Paralysed         |       |       |       |     7 |    24 |     1 |       |     6 |    13 ||    51
       Sleeping          |       |       |       |       |    18 |    23 |    21 |    12 |     9 ||    83
       Held in net/web   |       |       |       |       |       |       |       |       |     3 ||     3
  Eat: Chunk             |       |     7 |     7 |    24 |    49 |    28 |    34 |    14 |     4 ||   167
       Ration            |       |       |     2 |     2 |     6 |     8 |     3 |    11 |    15 ||    47
Armor: Skin              |     9 |    28 |    58 |    83 |   231 |   334 |   117 |   140 |   101 ||  1101
Dodge: Dodged            |    15 |    40 |    90 |   253 |   774 |   556 |   351 |   373 |   304 ||  2756
Block: Other             |       |       |    10 |    70 |    63 |       |       |       |       ||   143
       Reflection        |       |       |     2 |     2 |    19 |   110 |    46 |    82 |       ||   261
       Buckler           |       |       |       |       |   336 |       |       |       |       ||   336
       Tower shield      |       |       |       |       |    98 |  1830 |  1144 |  1656 |   936 ||  5664
       Kite shield       |       |       |       |       |    71 |       |       |       |       ||    71

Table legend:
 A = Non-vault XP
 B = Vault XP
 C = Vault XP percentage of total XP
 D = Non-vault monster count
 E = Vault monster count
 F = Vault count percentage of total count
                 A         B        C        D         E       F
            +---------+---------+-------+---------+---------+-------
      Total |  792813 |  835301 |  51.3 |    1524 |     919 |  37.6
            +---------+---------+-------+---------+---------+-------
        D:1 |      29 |       0 |   0.0 |      15 |       0 |   0.0
        D:2 |      98 |       0 |   0.0 |      29 |       0 |   0.0
        D:3 |      78 |      37 |  32.2 |      22 |       1 |   4.3
        D:4 |     152 |       0 |   0.0 |      17 |       0 |   0.0
        D:5 |     583 |     223 |  27.7 |      28 |       2 |   6.7
        D:6 |     268 |    1096 |  80.4 |       4 |       5 |  55.6
        D:7 |     672 |     468 |  41.1 |      14 |       2 |  12.5
        D:8 |    1413 |       0 |   0.0 |      21 |       0 |   0.0
        D:9 |    3304 |    2174 |  39.7 |      34 |       9 |  20.9
       D:10 |    3695 |     807 |  17.9 |      24 |       1 |   4.0
       D:11 |    1675 |    3707 |  68.9 |      12 |      33 |  73.3
       D:12 |    7570 |       0 |   0.0 |      35 |       0 |   0.0
       D:13 |    5603 |       0 |   0.0 |      23 |       0 |   0.0
       D:14 |    6399 |    6690 |  51.1 |      28 |      18 |  39.1
       D:15 |    6129 |   17137 |  73.7 |      15 |      19 |  55.9
     Lair:1 |    3951 |    1355 |  25.5 |      18 |       2 |  10.0
     Lair:2 |    6031 |    1257 |  17.2 |      26 |       7 |  21.2
     Lair:3 |    6667 |     474 |   6.6 |      34 |       1 |   2.9
     Lair:4 |    8772 |    2560 |  22.6 |      31 |       5 |  13.9
     Lair:5 |    6953 |    3742 |  35.0 |      20 |       9 |  31.0
     Lair:6 |   12875 |   12466 |  49.2 |      38 |      48 |  55.8
   Shoals:1 |   13756 |    4543 |  24.8 |      29 |       2 |   6.5
   Shoals:2 |   14013 |    5030 |  26.4 |      27 |       5 |  15.6
   Shoals:3 |   13342 |     225 |   1.7 |      27 |       1 |   3.6
   Shoals:4 |   22852 |   28672 |  55.6 |      45 |      38 |  45.8
   Spider:1 |    8956 |    7132 |  44.3 |      25 |      31 |  55.4
   Spider:2 |   15231 |    9908 |  39.4 |      43 |      28 |  39.4
   Spider:3 |   15664 |       0 |   0.0 |      38 |       0 |   0.0
   Spider:4 |   15791 |   19280 |  55.0 |      31 |      33 |  51.6
    Slime:2 |    5050 |       0 |   0.0 |       4 |       0 |   0.0
    Slime:3 |    9342 |       0 |   0.0 |      12 |       0 |   0.0
    Slime:4 |   10165 |       0 |   0.0 |      12 |       0 |   0.0
    Slime:5 |   10673 |   31296 |  74.6 |      17 |      13 |  43.3
      Orc:1 |    2722 |    3317 |  54.9 |      22 |      18 |  45.0
      Orc:2 |    5316 |   16076 |  75.1 |      25 |      65 |  72.2
      Elf:1 |   23871 |    8940 |  27.2 |      39 |      15 |  27.8
      Elf:2 |   20046 |    3253 |  14.0 |      32 |       5 |  13.5
      Elf:3 |    7743 |   41615 |  84.3 |      14 |      28 |  66.7
   Vaults:1 |   32719 |    2784 |   7.8 |      60 |       7 |  10.4
   Vaults:2 |   36654 |   35132 |  48.9 |      61 |      52 |  46.0
   Vaults:3 |   41717 |   42960 |  50.7 |      74 |      56 |  43.1
   Vaults:4 |   28672 |   32978 |  53.5 |      42 |      38 |  47.5
   Vaults:5 |   41134 |  154003 |  78.9 |      71 |     101 |  58.7
   Depths:1 |   30043 |    2266 |   7.0 |      33 |       3 |   8.3
   Depths:2 |   50143 |   61327 |  55.0 |      65 |      45 |  40.9
   Depths:3 |   35611 |   43776 |  55.1 |      48 |      30 |  38.5
   Depths:4 |   37504 |   65512 |  63.6 |      38 |      36 |  48.6
   Depths:5 |   28694 |   13494 |  32.0 |      27 |       8 |  22.9
      Zot:1 |   42972 |   24030 |  35.9 |      26 |      21 |  44.7
      Zot:2 |   33124 |       0 |   0.0 |      14 |       0 |   0.0
      Zot:3 |       0 |    4990 | 100.0 |       0 |       1 | 100.0
      Zot:4 |       0 |     446 | 100.0 |       0 |       1 | 100.0
      Zot:5 |   56376 |  114638 |  67.0 |      35 |      33 |  48.5
      Sewer |       0 |     116 | 100.0 |       0 |       6 | 100.0
    Ossuary |       0 |     248 | 100.0 |       0 |      27 | 100.0
   Gauntlet |       0 |    3121 | 100.0 |       0 |      10 | 100.0
            +---------+---------+-------+---------+---------+-------
